 Dungeon Crawl Stone Soup version 0.27-a0-1359-ga2a4dfd6fd (webtiles) character file.

Game seed: 10770370141948286302

1313 robertstho the Chopper (level 8, -10/73 HPs)
             Began as a Minotaur Berserker on June 28, 2021.
             Was an Elder of Trog.
             Mangled by a vampire (11 damage)
             ... on level 5 of the Dungeon.
             The game lasted 00:08:43 (4442 turns).

robertstho the Chopper (Minotaur Berserker)         Turns: 4442, Time: 00:08:43

Health: -10/73     AC:  9    Str: 23    XL:     8   Next: 32%
Magic:  7/7        EV: 11    Int:  5    God:    Trog [****..]
Gold:   186        SH:  0    Dex: 16    Spells: 7/7 levels left

rFire    . . .     SeeInvis .   u - +0 war axe
rCold    + . .     Faith    .   (no shield)
rNeg     . . .     Spirit   .   p - +1 scale mail {rC+}
rPois    .         Reflect  .   (helmet restricted)
rElec    .         Harm     .   r - scarf {+Inv}
rCorr    .         Rampage  .   q - +0 pair of gloves
Will     .....                  (no boots)
Stlth    +.........             (no amulet)
HPRegen  0.22/turn              l - ring of flight
MPRegen  0.10/turn              n - +6 ring of dexterity

@: on berserk cooldown, flying, slowed, very slow
A: horns 2, retaliatory headbutt
a: Renounce Religion, Evoke Invisibility, Berserk, Trog's Hand, Brothers in Arms


You were on level 5 of the Dungeon.
You worshipped Trog.
Trog was greatly pleased with you.
You visited 1 branch of the dungeon, and saw 5 of its levels.

You collected 186 gold pieces.

Inventory:

Hand Weapons
 u - a +0 war axe (weapon)
Armour
 m - a +0 cloak
 p - a +1 scale mail of cold resistance (worn)
 q - a +0 pair of gloves (worn)
 r - a scarf of invisibility (worn)
Jewellery
 l - a ring of flight (left hand)
 n - a +6 ring of dexterity (right hand)
Scrolls
 d - a scroll of magic mapping
 e - a scroll of enchant weapon {unknown}
 h - a scroll of amnesia {unknown}
 i - 2 scrolls of immolation {unknown}
 k - a scroll of enchant armour {unknown}
Potions
 a - a potion of cancellation {unknown}
 b - a potion of haste
 f - a potion of curing
 g - 2 potions of attraction {unknown}
 j - 2 potions of brilliance {unknown}
 o - a potion of magic {unknown}
 t - a potion of heal wounds {unknown}


   Skills:
 * Level 7.0 Fighting
 + Level 7.7 Axes
 * Level 5.9 Armour
 + Level 3.4 Dodging
 * Level 3.6 Stealth


You had 7 spell levels left.
You didn't know any spells.
Your spell library was empty.

Dungeon Overview and Level Annotations

Branches:
Dungeon (5/15)             Temple (0/1) D:5

Altars:
Hepliaklqana
Zin
Beogh


Innate Abilities, Weirdness & Mutations

You have a pair of horns on your head.
You reflexively headbutt those who attack you in melee.


Message History

Something draws strength from your injuries!
Your scale mail prevents you from hitting something.
You hit something but do no damage. You headbutt something. Something hits you!
Something bites you.
Something draws strength from your injuries!
You closely miss something. Your headbutt misses something.
You completely miss something. Something hits you but does no damage.
Something bites you.
Something draws strength from your injuries!
You hit something.
You are no longer berserk.
You are exhausted.
You feel yourself slow down. Something hits you but does no damage.
Something bites you.
Something draws strength from your injuries!
You hit something. Something hits you. Something bites you but does no damage.
Something hits you! Something bites you.
Something draws strength from your injuries!
You slash something! You headbutt something.
Something draws life force from you!!
* * * LOW HITPOINT WARNING * * *
You feel better. Something hits you.
* * * LOW HITPOINT WARNING * * *
Something bites you.
* * * LOW HITPOINT WARNING * * *
Something draws strength from your injuries!
Something completely misses you. Something bites you.
* * * LOW HITPOINT WARNING * * *
Something draws strength from your injuries!
You aren't carrying any items that you can evoke.
As you read the scroll labelled VOTWECIHUN, it crumbles to dust.
You feel aware of your surroundings.
You sensed 1 altar, and 1 shop/portal.
It was a scroll of magic mapping.
Something hits you but does no damage. Something bites you.
* * * LOW HITPOINT WARNING * * *
Something draws strength from your injuries!
You feel better. Something hits you!
* * * LOW HITPOINT WARNING * * *
Something bites you but does no damage. Something hits you!
You die...

,,,,*** ,,,,*,***********##
,,,,*,,,,,,,,,,,,.#
*****,***********.#
,,,,*,*,,,,,,,,**.#
***,*,*,******,**.#********
,,*,*,*,* ###+##$,,,,,,,,*
,,,,,,*,* #.....#***###*,*
,,,,***,* #....@###....*,*
**,,,,,,* #...)........*,*
,,,,,**#######.))....###*,*
,,,,,,,.......).........,,*
**,,,,,,.#####<#########***
**,,,,,,,* ### *,,,*,,,,*
*≈≈≈*,,,,* *≈≈≈*,,,,*


There were no monsters in sight!

Vanquished Creatures
  Sigmund (D:3)
  2 black bears
  A sky beast (D:4)
  An ogre (D:4)
  A necrophage (D:4)
  A centaur (D:4)
  2 scorpions (D:4)
  A centaur zombie (D:3)
  A jelly (D:5)
  2 orc priests (D:4)
  A hound (D:4)
  2 iguanas (D:4)
  3 orc wizards
  Terence (D:3)
  Robin (D:3)
  7 adders
  An ufetubus (D:5)
  An adder skeleton (D:4)
  A worm (D:2)
  11 orcs
  4 ball pythons
  6 bats
  12 endoplasms
  7 giant cockroaches
  10 goblins
  11 hobgoblins
  4 jackals (D:2)
  5 quokkas
  3 frilled lizards
  11 kobolds
  4 rats
119 creatures vanquished.

Notes
Turn   | Place    | Note
-------+----------+-------------------------------------------
     0 | D:1      | robertstho the Minotaur Berserker began the quest for the
                  | Orb.
     0 | D:1      | Reached XP level 1. HP: 19/19 MP: 0/0
   227 | D:1      | Reached XP level 2. HP: 25/27 MP: 1/1
   607 | D:1      | Reached XP level 3. HP: 33/33 MP: 2/2
   728 | D:1      | Reached ** piety under Trog
   760 | D:1      | Found a faded altar of an unknown god.
   979 | D:2      | Reached skill level 1 in Stealth
  1256 | D:2      | Reached XP level 4. HP: 16/41 MP: 3/3
  2201 | D:3      | Reached XP level 5. HP: 41/47 MP: 4/4
  2275 | D:3      | Noticed Sigmund
  2290 | D:3      | Killed Sigmund
  2291 | D:3      | Reached skill level 5 in Fighting
  2291 | D:3      | Reached skill level 5 in Axes
  2291 | D:3      | Reached XP level 6. HP: 42/56 MP: 5/5
  2451 | D:3      | Noticed Terence
  2459 | D:3      | Killed Terence
  2794 | D:3      | Noticed Robin
  2802 | D:3      | Killed Robin
  3030 | D:3      | Reached *** piety under Trog
  3294 | D:4      | Noticed a sky beast
  3305 | D:4      | Reached XP level 7. HP: 62/62 MP: 6/6
  3585 | D:4      | Found a glowing silver altar of Zin.
  3585 | D:4      | Found a hazy altar of Hepliaklqana.
  3610 | D:4      | Reached skill level 5 in Armour
  3625 | D:4      | Reached XP level 8. HP: 55/71 MP: 7/7
  4419 | D:5      | Entered Level 5 of the Dungeon
  4425 | D:5      | Reached **** piety under Trog
  4442 | D:5      | HP: 1/73 [something (8)]
  4442 | D:5      | Mangled by a vampire

Illustrated notes

Levels and vault maps discovered:
D:1:      doesnt_arrival_eight_statues, layout_rooms,
          hellmonk_ecumenical_altar_defaced_shrine
D:2:      layout_loops_ring
D:3:      layout_basic, uniq_sigmund, uniq_terence, uniq_robin
D:4:      layout_loops_ring, jmf_multi_god_temple, lightli_corner_chamber
D:5:      layout_basic, nemelex_dance_club_becter, minmay_temple_entry_ruins,
          portal_sewer_entry_f, fountainhead, hangedman_minor_gate_pass

Skill      XL: |  1  2  3  4  5  6  7  8 |
---------------+-------------------------+-----
Fighting       | 4 5 6 7 |  7.0
Axes           | 4 5 6 7 |  7.7
Stealth        | 1 2 3 |  3.6
Armour         | 3 4 5 |  5.9
Dodging        | 3 |  3.4

Action                   |  1- 3 |  4- 6 |  7- 9 || total
-------------------------+-------+-------+-------++-------
Melee: Hand axe          |    88 |    76 |    34 ||   198
       Headbutt          |     9 |    12 |    18 ||    39
       War axe           |       |       |    50 ||    50
Invok: Berserk           |     1 |     4 |     3 ||     8
       Trog's Hand       |       |     1 |       ||     1
  Use: Scroll            |     1 |       |     2 ||     3
       Potion            |       |       |     2 ||     2
 Stab: Sleeping          |     1 |     1 |       ||     2
Armor: Animal skin       |    11 |       |       ||    11
       Ring mail         |       |    11 |       ||    11
       Scale mail        |       |    11 |    47 ||    58
Dodge: Dodged            |    62 |    63 |    46 ||   171

Table legend: (Time is in decaauts)
 A = Elapsed time spent in this place.
 B = Non-inter-level travel time spent in this place.
 C = Inter-level travel time spent in this place.
 D = Time resting spent in this place.
 E = Time spent auto-exploring this place.
 F = Levels seen in this place.
 G = Mean time per level.
                   A        B        C        D        E       F      G
               +--------+--------+--------+--------+--------+-----+--------+
         Total |   4505 |   4204 |    301 |    420 |   3139 |   5 |  901.0 |
       Dungeon |   4505 |   4204 |    301 |    420 |   3139 |   5 |  901.0 |
               +--------+--------+--------+--------+--------+-----+--------+

Top non-repeatable levels by time:
     D:3: 1357 daAuts
     D:2: 1237 daAuts
     D:4: 1013 daAuts
     D:1: 875 daAuts
     D:5: 21 daAuts
